 Dungeon Crawl Stone Soup version 0.20.0-8-g6b59dc7 (webtiles) character file.

41 blackwizard the Caller (level 3, -1/31 HPs)
             Began as a Troll Summoner on June 1, 2017.
             Succumbed to Robin's poison
             ... on level 2 of the Dungeon.
             The game lasted 00:05:53 (1239 turns).

blackwizard the Caller (Troll Summoner)             Turns: 1239, Time: 00:05:54

Health: -1/31      AC:  5    Str: 16    XL:     3   Next: 32%
Magic:  0/4        EV: 10    Int: 12    God:
Gold:   54         SH:  0    Dex: 10    Spells: 4/5 levels left

rFire    . . .     SeeInvis .   h - +0 dagger
rCold    . . .     Gourm    +   (no shield)
rNeg     . . .     Faith    .   a - +0 robe
rPois    .         Spirit   .   (helmet restricted)
rElec    .         Reflect  .   (no cloak)
rCorr    .         Harm     .   (gloves unavailable)
MR       .....                  (boots unavailable)
Stlth    +.........             (no amulet)
Regen    0.5/turn               (no ring)
MPRegen  0.1/turn               (no ring)

@: lethally poisoned (-1 -> -16)
A: unfitting armour, claws 3, fast metabolism 3, gourmand, regeneration 1,
shaggy fur 1, tough skin 2
a: no special abilities


You were on level 2 of the Dungeon.
You were hungry.

You visited 1 branch of the dungeon, and saw 2 of its levels.

You collected 54 gold pieces.

Inventory:

Hand Weapons
 h - a +0 dagger (weapon)
Missiles
 d - 23 bolts
 e - 42 stones (quivered)
 f - 9 poisoned needles
Armour
 a - a +0 robe (worn)
Scrolls
 c - a scroll of magic mapping {unknown}
Potions
 g - a potion of invisibility {unknown}
 i - a potion of brilliance {unknown}
Books
 b - a book of Callings

   Spells                             Type                      Level
   a - Summon Small Mammal            Summoning                    1
   b - Call Imp                       Summoning                    2
   c - Call Canine Familiar           Summoning                    3
   d - Summon Guardian Golem          Hexes/Summoning              3
   e - Summon Lightning Spire         Summoning/Air                4
   f - Summon Ice Beast               Ice/Summoning                4
Comestibles
 j - 2 fruits
 k - 2 chunks of flesh


   Skills:
 + Level 0.1 Short Blades
 + Level 2.0 Dodging
 + Level 1.2 Stealth
 + Level 0.2 Unarmed Combat
 + Level 1.5 Spellcasting
 + Level 3.3 Summonings


You had 4 spell levels left.
You knew the following spells:

 Your Spells              Type           Power        Failure   Level  Hunger
a - Summon Small Mammal   Summ           #...         8%          1    ##.....


Dungeon Overview and Level Annotations

Branches:
Dungeon (2/15)

Altars:
Nemelex Xobeh
Trog

Annotations:
D:2 Robin


Innate Abilities, Weirdness & Mutations

You are too large for most types of armour.
You have claws for hands.
Your metabolism is lightning-fast.
You like to eat raw meat.
Your natural rate of healing is unusually fast.
You are covered in fur. (AC +1)
You have very tough skin. (AC +2)


Message History

You feel sick. Robin hits you but does no damage.
The hobgoblin closely misses you.
You barely miss Robin.
Robin is heavily wounded.
* * * LOW HITPOINT WARNING * * *
You feel sick. Robin closely misses you.
The hobgoblin hits you but does no damage.
Robin hits you with a short sword of venom.
* * * LOW HITPOINT WARNING * * *
Unknown command.
Casting: Summon Small Mammal
Confirm with . or Enter, or press ? or * to list all spells.
You are feeling hungry.
* * * LOW HITPOINT WARNING * * *
You feel sick. Robin hits you but does no damage.
You are more poisoned.
The hobgoblin hits you but does no damage.
Casting: Summon Small Mammal
Confirm with . or Enter, or press ? or * to list all spells.
You die...

#..#.......
#..........
#.#.###.###
#.#†.##.# #
#.#)....#
#.....#.#.....#
#####.....#.#..g).#
..........#.###g#.#
.........#.# #@gr#
........#'####r.#
######.............#
...................#
...................#
...................#
...#####.########..#
..##8##♣.♣##8## #.#
.##...##.##...## >#


You could see Robin, 2 hobgoblins and 2 friendly rats.

Vanquished Creatures
  An ooze (D:2)
  2 dart slugs
  A leopard gecko (D:2)
  A ball python (D:1)
  2 giant cockroaches (D:2)
  5 goblins
  2 hobgoblins
  5 jackals (D:1)
  3 bats (D:1)
  A frilled lizard (D:1)
  A kobold (D:1)
  A plant (D:1)
25 creatures vanquished.

Vanquished Creatures (collateral kills)
  2 hobgoblins (D:2)
  A kobold (D:1)
  5 goblins
8 creatures vanquished.

Grand Total: 33 creatures vanquished

Notes
Turn   | Place    | Note
-------+----------+-------------------------------------------
     0 | D:1      | blackwizard the Troll Summoner began the quest for the Orb.
     0 | D:1      | Reached XP level 1. HP: 16/16 MP: 1/1
    47 | D:1      | Reached skill level 3 in Summonings
   252 | D:1      | Reached XP level 2. HP: 24/24 MP: 2/2
  1039 | D:2      | Reached XP level 3. HP: 30/31 MP: 2/4
  1085 | D:2      | Found a sparkling altar of Nemelex Xobeh.
  1085 | D:2      | Found a bloodstained altar of Trog.
  1210 | D:2      | Noticed Robin
  1237 | D:2      | HP: 1/31 [Robin/short sword of venom (6)]
  1239 | D:2      | Succumbed to Robin's poison

Skill      XL: |  1  2  3 |
---------------+----------+-----
Summonings     | 3 |  3.3
Dodging        | 2 |  2.0
Short Blades   | |  0.1
Stealth        | |  1.2
Unarmed Combat | |  0.2
Spellcasting   | |  1.5

Action                   || total
-------------------------++-------
Melee: Unarmed           ||    69
       Dagger            ||    53
 Cast: Summon Small Mamm ||    21
 Stab: Sleeping          ||     1
  Eat: Bread ration      ||     2
Armor: Robe              ||    61
Dodge: Dodged            ||    83
